 Dungeon Crawl Stone Soup version 0.29.1-2-gbd0b4ee654 (webtiles) character file.

Game seed: 16855327543052325206

14 GorkyZ the Trooper (level 2, 0/24 HPs)
             Began as a Demonspawn Fighter on Nov 22, 2022.
             Succumbed to a goblin's poison
             ... on level 1 of the Dungeon.
             The game lasted 00:01:49 (457 turns).

GorkyZ the Trooper (Demonspawn Fighter)              Turns: 457, Time: 00:01:50

Health: 0/24       AC:  6    Str: 16    XL:     2   Next: 27%
Magic:  2/2        EV:  9    Int:  9    God:
Gold:   29         SH:  0    Dex: 12    Spells: 1/1 levels left

rFire   . . .      SeeInvis .   a - +0 war axe
rCold   . . .      Faith    .   (no shield)
rNeg    . . .      Spirit   .   b - +0 scale mail
rPois   .          Reflect  .   (no helmet)
rElec   .          Harm     .   (no cloak)
rCorr   .          Rampage  .   (no gloves)
Will    .....                   (no boots)
Stlth   ..........              (no amulet)
HPRegen 0.08/turn               (no ring)
MPRegen 0.08/turn               (no ring)

@: lethally poisoned (0 -> -18)
A: demonic touch 1
a: no special abilities


You were on level 1 of the Dungeon.
You visited 1 branch of the dungeon, and saw 1 of its levels.

You collected 29 gold pieces.

Inventory:

Hand Weapons
 a - a +0 war axe (weapon)
 e - a +0 lajatang
Armour
 b - a +0 scale mail (worn)
 c - a +0 buckler
Scrolls
 f - a scroll of butterflies {unknown}
Potions
 d - a potion of might


   Skills:
 + Level 3.0 Fighting
 + Level 1.9 Axes
 + Level 0.3 Throwing
 + Level 2.7 Armour
 + Level 0.4 Dodging
 + Level 2.8 Shields
 + Level 0.5 Evocations


You had one spell level left.
You didn't know any spells.
Your spell library contained the following spells:

 Spells                   Type           Power      Damage    Failure   Level
 Ensorcelled Hibernation  Hex/Ice        0%         N/A       91%         2
 Passwall                 Tmut/Erth      0%         N/A       91%         2
 Swiftness                Air            0%         N/A       99%         3


Dungeon Overview and Level Annotations

Branches:
Dungeon (1/15)

Altars:


Innate Abilities, Weirdness & Mutations

Your touch may inflict minor irresistible damage on your foes.


Message History

No target in view!
No target in view!
No target in view!
No target in view!
No target in view!
No target in view!
No target in view!
A goblin comes into view. It is wielding a +1 dagger of venom.
The goblin shouts!
A giant cockroach comes into view.
The goblin hits you with a +1 dagger of venom.
You are poisoned.
You barely miss the goblin.
You feel very sick. The goblin hits you but does no damage.
You are lethally poisoned!
You barely miss the giant cockroach. Your touch misses the giant cockroach.
You miss the goblin.
You feel very sick. The goblin barely misses you.
The giant cockroach barely misses you. The goblin closely misses you.
You slash the giant cockroach!
You kill the giant cockroach!
You closely miss the goblin.
You feel very sick.
The goblin hits you with a +1 dagger of venom.
You are more poisoned.
You are too injured to fight recklessly!
You are too injured to fight recklessly!
You are too injured to fight recklessly!
You are too injured to fight recklessly!
You are too injured to fight recklessly!
You are too injured to fight recklessly!
You barely miss the goblin.
* * * LOW HITPOINT WARNING * * *
You feel very sick. The goblin completely misses you.
The goblin hits you but does no damage.
You are more poisoned.
You hit the goblin but do no damage.
You die...

............##..
.##########.#...
.##########.#..#
............#..##
##########..#...#
##..#.#.#
#...#.#.#####
#........†..#...
#.......@g......
#.###.#.#####...
#.# #.#.# ### #.#
#.#.### ##.######.#
#...... ..#÷..).÷.#
##...##
)..######.###.....#
...######.........#
............#.....#


You could see a goblin.

Vanquished Creatures
  2 endoplasms (D:1)
  A giant cockroach (D:1)
  A goblin (D:1)
  2 hobgoblins (D:1)
  3 jackals (D:1)
  2 bats (D:1)
11 creatures vanquished.

Notes
Turn   | Place    | Note
-------+----------+-------------------------------------------
     0 | D:1      | GorkyZ the Demonspawn Fighter began the quest for the Orb.
     0 | D:1      | Reached XP level 1. HP: 18/18 MP: 1/1
    89 | D:1      | Gained mutation: Your touch may inflict minor irresistible
                  | damage on your foes. [demonic ancestry]
    89 | D:1      | Reached XP level 2. HP: 9/24 MP: 2/2
   457 | D:1      | Succumbed to a goblin's poison

Illustrated notes

Levels and vault maps discovered:
D:1:      nicolae_arrival_memento_mori, layout_loops_ring

Action                   || total
-------------------------++-------
Melee: Lajatang          ||    22
       War axe           ||    16
Armor: Scale mail        ||    21
Dodge: Dodged            ||    32
